 Dungeon Crawl Stone Soup version 0.27-a0-695-gb4952372f7 (webtiles) character file.

Game seed: 3587208523057548310

95 DarkShadow the Covered (level 4, -1/40 HPs)
             Began as a Minotaur Fighter on Mar 22, 2021.
             Was a Follower of Elyvilon.
             Slain by Sigmund
             ... wielding a +3 scythe of flaming
              (5 damage)
             ... on level 3 of the Dungeon.
             The game lasted 00:06:34 (5329 turns).

DarkShadow the Covered (Minotaur Fighter)           Turns: 5329, Time: 00:06:34

Health: -1/40      AC: 11    Str: 20 (21) XL:     4   Next: 39%
Magic:  3/3        EV:  7    Int:  0 (3)  God:    Elyvilon [*.....]
Gold:   64         SH:  9    Dex:  9 (10) Spells: 3/3 levels left

rFire    . . .     SeeInvis .   a - +1 war axe
rCold    . . .     Faith    .   c - +0 kite shield
rNeg     . . .     Spirit   .   b - +0 scale mail
rPois    .         Reflect  .   (helmet restricted)
rElec    .         Harm     .   (no cloak)
rCorr    .         Rampage  .   k - +1 pair of gloves
Will     .....                  (no boots)
Stlth    ..........             (no amulet)
HPRegen  1.13/turn              (no ring)
MPRegen  0.08/turn              (no ring)

@: slowed, lost intelligence, very slow
A: horns 2, retaliatory headbutt, yellow scales 1, dopey 1, regeneration 1,
subdued magic 1
a: Renounce Religion, Lesser Healing, Divine Protection


You were on level 3 of the Dungeon.
You worshipped Elyvilon.
Elyvilon was aware of your devotion.
You visited 1 branch of the dungeon, and saw 3 of its levels.

You collected 64 gold pieces.

Inventory:

Hand Weapons
 a - a +1 war axe (weapon)
Armour
 b - a +0 scale mail (worn)
 c - a +0 kite shield (worn)
 k - a +1 pair of gloves (worn)
Magical Staves
 f - a staff of cold
 j - a staff of fire
 m - a staff of death
Jewellery
 h - a ring of magical power
Scrolls
 e - 2 scrolls of identify
 g - a scroll of random uselessness {unknown}
 o - a scroll of enchant weapon
Potions
 d - a potion of might
 i - a potion of magic
 l - a potion of cancellation {unknown}
 n - a potion of curing {unknown}
 p - 2 potions of heal wounds {unknown}


   Skills:
 + Level 4.2 Fighting
 + Level 3.0 Axes
 + Level 4.8 Armour
 + Level 0.2 Dodging
 + Level 4.6 Shields


You had 3 spell levels left.
You didn't know any spells.
Your spell library contained the following spells:

 Spells                   Type           Power      Damage    Failure   Level
 Corpse Rot               Necr/Air       N/A        N/A       100%        2
 Poisonous Vapours        Pois/Air       0%         N/A       100%        2
 Sublimation of Blood     Necr           0%         N/A       100%        2
 Conjure Flame            Conj/Fire      0%         6-21      100%        3
 Mephitic Cloud           Conj/Pois/Air  0%         N/A       100%        3
 Dispel Undead            Necr           0%         3d6       100%        4
 Agony                    Necr           0%         N/A       100%        5
 Excruciating Wounds      Necr           0%         N/A       100%        5
 Freezing Cloud           Conj/Ice/Air   0%         6-21      100%        6


Dungeon Overview and Level Annotations

Branches:
Dungeon (3/15)

Altars:
Cheibriados
Elyvilon

Annotations:
D:3 Sigmund


Innate Abilities, Weirdness & Mutations

You have a pair of horns on your head.
You reflexively headbutt those who attack you in melee.
You are partially covered in yellow scales. (AC +2)
You are dopey. (Int -2)
Your natural rate of healing is unusually fast.
Your spells are a little easier to cast, but a little less powerful.


Message History

You see here a frilled lizard corpse.
A dart slug comes into view.
The dart slug launches a dart at you. You block the slug dart.
The dart slug launches a dart at you. You block the slug dart.
Sigmund the Dreaded comes into view.
He is wielding a +3 scythe of flaming and wearing a +1 robe of willpower.
The dart slug bites you but does no damage.
Your scale mail prevents you from hitting the dart slug.
Sigmund gestures at himself while chanting.
Sigmund flickers and vanishes!
Deactivating autopickup; reactivate with Ctrl-A.
The dart slug barely misses you.
The dart slug bites you but does no damage.
You hit the dart slug.
The dart slug is moderately wounded.
The dart slug completely misses you.
You hit the dart slug.
You headbutt the dart slug, but do no damage.
The dart slug is heavily wounded.
Something hits you. Something burns you. You block the dart slug's attack.
You block something's attack.
The dart slug bites you but does no damage.
You block something's attack.
You hit the dart slug. You headbutt the dart slug.
You kill the dart slug!
You hear some strange, mumbled words.
A puff of flame appears from out of thin air!
The puff of flame hits you. You block something's attack.
A frilled lizard comes into view.
The frilled lizard hisses angrily.
You block something's attack. Something hits you. Something burns you.
Found 19 arrows and 23 sling bullets.
You hit something but do no damage. Your headbutt misses something.
Something hits you! Something burns you. Something hits you.
Something burns you.
You hit something but do no damage. Something hits you!
* * * LOW HITPOINT WARNING * * *
Something burns you.
You die...

#.......§####+####§
#.......≈≈≈§§.≈§§§
#................
...#..............#
...#..............#
...#.............=#
...#......†.......#
...#..............###.##
.#..>†..........@.......
.#.##...........{.###.##
.........####......l
.#.#####.# #?........
.#.# #... #..........#
#.# #....#.........(.
#.# ...#........... #†#
..#.......(... #.#


You could see a frilled lizard.

Vanquished Creatures
  5 adders
  3 dart slugs
  A leopard gecko (D:3)
  A ball python (D:3)
  5 giant cockroaches
  3 goblins (D:1)
  2 hobgoblins
  3 kobolds
  5 quokkas
  5 bats
  3 frilled lizards
  7 rats
43 creatures vanquished.

Vanquished Creatures (others)
  4 plants (D:1)
4 creatures vanquished.

Grand Total: 47 creatures vanquished

Notes
Turn   | Place    | Note
-------+----------+-------------------------------------------
     0 | D:1      | DarkShadow the Minotaur Fighter began the quest for the
                  | Orb.
     0 | D:1      | Reached XP level 1. HP: 19/19 MP: 0/0
   234 | D:1      | Reached XP level 2. HP: 27/27 MP: 1/1
   675 | D:1      | Gained mutation: Your spells are a little easier to cast,
                  | but a little less powerful. [potion of mutation]
   675 | D:1      | Gained mutation: Your natural rate of healing is unusually
                  | fast. [potion of mutation]
   675 | D:1      | Lost intelligence.
   675 | D:1      | Gained mutation: You are dopey. (Int -2) [potion of
                  | mutation]
   675 | D:1      | Gained mutation: You are partially covered in yellow
                  | scales. (AC +2) [potion of mutation]
   798 | D:2      | Found a faded altar of an unknown god.
   805 | D:2      | Reached XP level 3. HP: 31/33 MP: 2/2
   858 | D:2      | Became a worshipper of Elyvilon the Healer
   858 | D:2      | Reached * piety under Elyvilon
  5072 | D:2      | Reached XP level 4. HP: 40/40 MP: 3/3
  5079 | D:2      | Found a snail-covered altar of Cheibriados.
  5322 | D:3      | Noticed Sigmund
  5329 | D:3      | Slain by Sigmund

Illustrated notes

Levels and vault maps discovered:
D:1:      wheals_arrival_shading, layout_rooms, serial_bayou,
          serial_bayou_pond_a, serial_bayou_pond_c, serial_bayou_crossing,
          serial_bayou_pond_b
D:2:      layout_basic, kennysheep_slug_shrine, chequers_ecumenical_altar_simple
D:3:      minmay_roachtagon, layout_basic, lightli_temple_of_fire, bloody_trog,
          elyvilon_altar_5, uniq_sigmund

Skill      XL: |  1  2  3  4 |
---------------+-------------+-----
Shields        | 4 |  4.6
Fighting       | 4 |  4.2
Armour         | 4 |  4.8
Axes           | 3 |  3.0
Dodging        | |  0.2

Action                   |  1- 3 |  4- 6 || total
-------------------------+-------+-------++-------
Melee: War axe           |    65 |    40 ||   105
       Headbutt          |    10 |     3 ||    13
  Use: Scroll            |     5 |       ||     5
       Potion            |     2 |       ||     2
Armor: Scale mail        |    67 |    28 ||    95
Dodge: Dodged            |    36 |    19 ||    55
Block: Kite shield       |    60 |    44 ||   104

Table legend: (Time is in decaauts)
 A = Elapsed time spent in this place.
 B = Non-inter-level travel time spent in this place.
 C = Inter-level travel time spent in this place.
 D = Time resting spent in this place.
 E = Time spent auto-exploring this place.
 F = Levels seen in this place.
 G = Mean time per level.
                   A        B        C        D        E       F      G
               +--------+--------+--------+--------+--------+-----+--------+
         Total |   7760 |   7756 |      4 |   6112 |    669 |   3 | 2586.7 |
       Dungeon |   7760 |   7756 |      4 |   6112 |    669 |   3 | 2586.7 |
               +--------+--------+--------+--------+--------+-----+--------+

Top non-repeatable levels by time:
     D:2: 6909 daAuts
     D:1: 723 daAuts
     D:3: 127 daAuts
